 Dungeon Crawl Stone Soup version 0.18.1-1-g2f07953 (webtiles) character file.

856 Eucla the Skirmisher (level 7, 0/56 HPs)
             Began as a Demonspawn Abyssal Knight on May 8, 2016.
             Was a Priest of Lugonu.
             Slain by a gnoll
             ... wielding a +0 flail
              (10 damage)
             ... on level 5 of the Dungeon.
             The game lasted 00:04:37 (3620 turns).

Eucla the Skirmisher (Demonspawn Abyssal Knight)    Turns: 3620, Time: 00:04:38

Health: 0/56       AC: 14    Str: 19    XL:     7   Next: 70%
Magic:  9/9        EV: 11    Int: 14    God:    Lugonu [***...]
Gold:   207        SH:  0    Dex: 12    Spells: 0 memorised, 6 levels left

rFire  . . .     SeeInvis +     a - +1 falchion
rCold  . . .     Gourm    .     F - +0 scale mail
rNeg   . . .     Faith    .     (no shield)
rPois  +         Spirit   .     y - +0 helmet
rElec  .         Dismiss  .     (no cloak)
rCorr  .         Reflect  .     C - +0 pair of gloves
SustAt .         Harm     .     k - +2 pair of boots
MR     .....                    (no amulet)
Stlth  ..........               v - ring of poison resistance
                                e - ring of see invisible

@: mighty, not resistant to hostile enchantments, extremely unstealthy
A: thin metallic scales 1, powered by pain 1
a: Depart the Abyss, Bend Space, Banish, Renounce Religion


You were on level 5 of the Dungeon.
You worshipped Lugonu.
Lugonu was most pleased with you.
You were very hungry.

You visited 1 branch of the dungeon, and saw 5 of its levels.
You visited the Abyss 1 time.

You collected 207 gold pieces.

Inventory:

Hand Weapons
 a - a +1 falchion (weapon)
Armour
 b - a +0 leather armour
 f - a +0 ring mail
 k - a +2 pair of boots (worn)
 y - a +0 helmet (worn)
 C - a +0 pair of gloves (worn)
 F - a +0 scale mail (worn)
Jewellery
 e - a ring of see invisible (left hand)
 v - a ring of poison resistance (right hand)
 D - the amulet "Lored" {Spirit rN+, unknown}
   (You found it on level 5 of the Dungeon)

   [amulet of guardian spirit]

   It causes incoming damage to be split between your health and magic.
   It protects you from negative energy.
Wands
 t - a wand of confusion (38/48)
 w - a wand of slowing (11/48)
Scrolls
 d - 3 scrolls of identify {unknown}
 i - a scroll of blinking {unknown}
 j - a scroll of remove curse {unknown}
 n - 2 scrolls of immolation {unknown}
 o - 4 scrolls of enchant armour {unknown}
 p - a scroll of noise {unknown}
 x - 2 scrolls of teleportation {unknown}
Potions
 g - 2 potions of invisibility {unknown}
 h - a potion of resistance {unknown}
 l - a potion of curing {unknown}
 m - 2 potions of cure mutation {unknown}
 r - a potion of heal wounds
 s - 2 potions of haste {unknown}
 u - a potion of cancellation {unknown}
 z - a potion of degeneration {unknown}
 A - a potion of lignification {unknown}
Comestibles
 c - 2 bread rations
 q - 2 meat rations
 B - 2 beef jerkies


   Skills:
 + Level 5.0 Fighting
 + Level 3.8 Long Blades
 + Level 3.9 Armour
 + Level 4.5 Dodging
 + Level 0.8 Stealth
 + Level 3.1 Invocations


You had 6 spell levels left.
You didn't know any spells.

Dungeon Overview and Level Annotations

Branches:
Dungeon (5/15)
 Temple: D:4-7

Altars:
Kikubaaqudgha
Pakellas


Innate Abilities, Weirdness & Mutations

You are partially covered in thin metallic scales (AC +2).
You sometimes gain a little power by taking damage.


Message History

You are too injured to fight recklessly!
Unknown command.
The gnoll hits you with a flail!
* * * LOW HITPOINT WARNING * * *
The gnoll barely misses you.
You see here a halberd.
You slash the gnoll!
You kill the gnoll!
Lugonu accepts your kill. The gnoll hits you but does no damage.
Unknown command.
You see here a halberd.
Unknown command.
You are too injured to fight recklessly!
You are too injured to fight recklessly!
Unknown command.
You slash the gnoll!
The gnoll is severely wounded.
The gnoll hits you with a flail!
You die...

.##....####### ####.###
)##.#### ### ..##.#
.##.# ..# #.##.# .##.#
#.# #.##.# .##.# #.#
######.##.### (##.# #.#
#...##.##.... ###... .
##.## #.........###
......
.>..##).g###...##.##.#
######
#.....@).........##.###
#.###...####.######....
### ##.## #.# #.### ..#
#.# #.# #.... #.# ..#
#[# #.### ..#
########.######.# .##
..............# .#
####.#.####### .#
#.###.#


You could see a gnoll.

Vanquished Creatures
  A phantom (D:5)
  An ogre (D:5)
  A giant frog (D:4)
  A centaur zombie (D:5)
  A crimson imp (Abyss:1)
  The ghost of Eucla the Grave Robber, a weakling DENe (D:3)
  2 hounds
  2 giant frog zombies (D:5)
  A giant frog skeleton (D:5)
  An orc priest (D:5)
  A worker ant (D:4)
  4 orc wizards (D:5)
  A hound zombie (D:5)
  A hound skeleton (D:4)
  3 gnolls (D:5)
  7 adders
  An adder zombie (D:2)
  An adder skeleton (D:5)
  2 worms (D:3)
  A dart slug (D:2)
  4 giant geckos
  6 orcs (D:5)
  A ball python (D:2)
  2 bats
  A bat skeleton (D:2)
  3 giant cockroaches
  3 goblins (D:2)
  A hobgoblin (D:1)
  4 jackals (D:2)
  11 kobolds
  2 quokkas
  A giant cockroach zombie (D:2)
  2 giant gecko skeletons
  2 giant newts
  A jackal zombie (D:2)
  2 quokka skeletons
  A quokka zombie (D:2)
  5 rats
86 creatures vanquished.

Notes
Turn   | Place    | Note
--------------------------------------------------------------
     0 | Abyss:1  | Eucla the Demonspawn Abyssal Knight began the quest for the Orb.
     0 | Abyss:1  | Reached XP level 1. HP: 18/18 MP: 2/2
     0 | Abyss:1  | Found a corrupted altar of Lugonu.
    44 | Abyss:1  | Noticed a crimson imp
    55 | Abyss:1  | Killed a crimson imp
    55 | Abyss:1  | Gained mutation: You sometimes gain a little power by taking damage. [demonic ancestry]
    55 | Abyss:1  | Reached XP level 2. HP: 12/24 MP: 4/4
    55 | Abyss:1  | Reached XP level 3. HP: 15/29 MP: 5/5
    56 | Abyss:1  | Noticed a wretched star
    61 | D:1      | Escaped the Abyss
   934 | D:2      | Reached skill level 1 in Dodging
   972 | D:2      | Reached ** piety under Lugonu
  1138 | D:2      | Gained mutation: You are partially covered in thin metallic scales (AC +2). [demonic ancestry]
  1138 | D:2      | Reached XP level 4. HP: 37/37 MP: 6/6
  1172 | D:2      | Found a faded altar to an unknown god.
  1238 | D:2      | Found an oddly glowing altar of Pakellas.
  1957 | D:3      | Noticed Eucla's ghost (weakling DENe)
  1970 | D:3      | Killed Eucla's ghost
  1970 | D:3      | Reached skill level 4 in Fighting
  2062 | D:3      | Reached XP level 5. HP: 29/42 MP: 7/7
  2338 | D:4      | Reached XP level 6. HP: 31/48 MP: 8/8
  2616 | D:4      | Reached *** piety under Lugonu
  2924 | D:5      | Entered Level 5 of the Dungeon
  3015 | D:5      | Got a smoking emerald amulet
  3129 | D:5      | Reached XP level 7. HP: 35/55 MP: 9/9
  3547 | D:5      | Found an ancient bone altar of Kikubaaqudgha.
  3553 | D:5      | Reached skill level 5 in Fighting
  3620 | D:5      | Slain by a gnoll

Skill      XL: |  1  2  3  4  5  6  7 |
---------------+----------------------+-----
Armour         | 2 3 |  3.9
Invocations    | 3 |  3.1
Long Blades    | 2 3 |  3.8
Dodging        | 1 2 3 4 |  4.5
Fighting       | 4 5 |  5.0
Stealth        | |  0.8

Action                   |  1- 3 |  4- 6 |  7- 9 || total
-------------------------+-------+-------+-------++-------
Melee: Falchion          |    94 |   237 |   131 ||   462
  Eat: Chunk             |     1 |     5 |     1 ||     7
       Beef jerky        |       |     1 |       ||     1
Armor: Leather armour    |     4 |       |       ||     4
       Ring mail         |    40 |   137 |     7 ||   184
       Scale mail        |       |       |    97 ||    97
Dodge: Dodged            |    60 |   156 |   103 ||   319
